 Dungeon Crawl Stone Soup version 0.24.0-125-gc4c63601f3 (webtiles) character file.

Game seed: 7639068247549931250, levelgen mode: deterministic

69 Johnny the Digger (level 3, -1/26 HPs)
             Began as a Demigod Earth Elementalist on Feb 22, 2020.
             Slain by an adder (4 damage)
             ... on level 2 of the Dungeon.
             The game lasted 00:02:47 (2128 turns).

Johnny the Digger (Demigod Earth Elementalist)      Turns: 2128, Time: 00:02:47

Health: -1/26      AC:  4    Str: 13    XL:     3   Next: 75%
Magic:  2/10       EV: 18    Int: 21    God:
Gold:   132        SH:  0    Dex: 21    Spells: 3/7 levels left

rFire    . . .     SeeInvis .   (no weapon)
rCold    . . .     Gourm    .   (no shield)
rNeg     . . .     Faith    .   c - +0 robe
rPois    .         Spirit   .   (no helmet)
rElec    .         Reflect  .   (no cloak)
rCorr    .         Harm     .   (no gloves)
MR       .....                  (no boots)
Stlth    +++.......             (no amulet)
HPRegen  0.08/turn              (no ring)
MPRegen  0.12/turn              (no ring)

@: agile, lethally poisoned (-1 -> -4), flying
A: thin metallic scales 1, high mp 1, strong 1, MP-powered wands
a: no special abilities


You were on level 2 of the Dungeon.
You were not hungry.

You visited 1 branch of the dungeon, and saw 2 of its levels.

You collected 132 gold pieces.

Inventory:

Armour
 c - a +0 robe (worn)
Scrolls
 a - a scroll of random uselessness {unknown}
 e - 3 scrolls of identify {unknown}
 f - a scroll of magic mapping {unknown}
 h - a scroll of teleportation {unknown}
 i - a scroll of blinking {unknown}
 l - 3 scrolls of remove curse {unknown}
Potions
 g - a potion of mutation
Comestibles
 d - 6 rations
 m - a chunk of flesh


   Skills:
 - Level 1.7 Dodging
 - Level 1.7 Stealth
 + Level 2.8 Spellcasting
   Level 0.8 Transmutations
 + Level 3.7 Earth Magic


You had 3 spell levels left.
You knew the following spells:

 Your Spells              Type           Power        Failure   Level  Hunger
a - Sandblast             Erth           ###...       3%          1    None
b - Stone Arrow           Conj/Erth      ##....       19%         3    ###....

Your spell library contained the following spells:

 Spells                   Type           Power        Failure   Level  Hunger
 Passwall                 Tmut/Erth      ##......     8%          2    ##.....
 Petrify                  Tmut/Erth      ##......     45%         4    ####...
 Lee's Rapid Deconstruct  Erth           ###.......   63%         5    ######.


Dungeon Overview and Level Annotations

Branches:
Dungeon (2/15)


Innate Abilities, Weirdness & Mutations

You have an increased reservoir of magic. (+10% MP)
You are partially covered in thin metallic scales. (AC +2)
Your muscles are strong. (Str +2)
You expend magic power (3 MP) to strengthen your wands.


Message History

The frilled lizard misses you.
It was a potion of flight.
You feel very buoyant.
You fly up into the air.
The adder completely misses you. The frilled lizard closely misses you.
You closely miss the adder.
The adder is heavily wounded.
The adder completely misses you. The adder barely misses you.
The frilled lizard bites you but does no damage.
You miss the adder.
The adder is heavily wounded.
* * * LOW HITPOINT WARNING * * *
You feel sick. The adder completely misses you. The frilled lizard misses you.
You miss the adder.
The adder is heavily wounded.
The adder misses you. The goblin misses you. The frilled lizard misses you.
You barely miss the adder.
The adder is heavily wounded.
The adder bites you.
You die...

..##>...... ....... #...#
#...########### ##
#.....................## ≈♣
#.÷..................... P≈#
#.....................## ≈P#
##.....lSg........?.....# ≈≈♣##
###.......@........... #..
≈≈≈≈###...##....####......# ####.
.≈.♣............####..#..####....
..≈...#.........##...............
......................g..........
..≈≈≈♣.......##...##..........##8
≈P≈♣♣♣#####..#8...8#.........>.##
≈≈♣♣<........##...######.÷#.####
≈♣≈############...##.....#..#


You could see an adder, a goblin and a frilled lizard.

Vanquished Creatures
  An adder (D:2)
  2 dart slugs (D:1)
  2 leopard geckos
  8 bats
  2 giant cockroaches (D:1)
  7 goblins
  4 hobgoblins
  10 jackals
  5 kobolds
  4 frilled lizards
  4 rats
49 creatures vanquished.

Notes
Turn   | Place    | Note
-------+----------+-------------------------------------------
     0 | D:1      | Johnny the Demigod Earth Elementalist began the quest for
                  | the Orb.
     0 | D:1      | Reached XP level 1. HP: 14/14 MP: 5/5
   262 | D:1      | Reached skill level 3 in Earth Magic
   307 | D:1      | Reached XP level 2. HP: 20/20 MP: 2/7
   735 | D:1      | Reached XP level 3. HP: 24/26 MP: 7/9
  1255 | D:2      | Learned a level 3 spell: Stone Arrow
  2117 | D:2      | Gained mutation: You are partially covered in thin metallic
                  | scales. (AC +2) [potion of mutation]
  2117 | D:2      | Gained mutation: Your muscles are strong. (Str +2) [potion
                  | of mutation]
  2117 | D:2      | Gained mutation: You expend magic power (3 MP) to
                  | strengthen your wands. [potion of mutation]
  2128 | D:2      | Slain by an adder

Levels and vault maps discovered:
D:1:      dpeg_arrival_solitude, layout_loops_corners
D:2:      layout_rooms, serial_corexii_hall, corexii_hall_statues_x,
          corexii_hall_statues_x, chequers_hall_statues_wall_a,
          corexii_hall_statues_x, corexii_hall_statues_s,
          chequers_hall_statues_wall_a, serial_bayou_ford_a, uniq_robin

Skill      XL: |  1 |
---------------+----+-----
Spellcasting   | 2 |  2.8
Earth Magic    | 3 |  3.7
Dodging        | |  1.7
Stealth        | |  1.7
Transmutations | |  0.8

Action                   || total
-------------------------++-------
Melee: Unarmed           ||    91
 Cast: Sandblast         ||    50
       Stone Arrow       ||    13
  Use: Potion            ||     4
  Eat: Chunk             ||     3
       Ration            ||     1
Armor: Robe              ||    29
Dodge: Dodged            ||   104
